Map: Deathaura LE

Players

Neeb - Winner!

  • Race: Protoss Protoss
  • Spawn Location: 5:00

Armani

  • Race: Zerg Zerg
  • Spawn Location: 11:00

Event: StayAtHomestory Cup #2

VOD

Have the link to the VOD?

Description

Time

  • Played on: June 12, 2020, 7:20 a.m.
  • Length: 4:15

All games in this series

Show
View Real Time Build Order
Export as new Build Order

Neeb Protoss - Winner!

Build Orders: 1 Gate Expand, Oracle Opening 

Get SALT Encoding   

  12  0:01  Probe  
  13  0:13  Probe  
  14  0:18  Pylon  
  14  0:25  Probe  
  15  0:31  Assimilator  
  15  0:33  Probe  
  16  0:43  Probe, Gateway  
  17  0:53  Probe  
  18  1:05  Probe  
  19  1:17  Probe  
  20  1:22  Nexus  
  20  1:32  Cybernetics Core  
  20  1:35  Probe  
  21  1:40  Assimilator  
  21  1:47  Probe  
  21  1:50  Pylon  
  22  1:56  Probe  
  22  1:58  Adept  
  23  2:05  Probe  
  23  2:09  Warp Gate  
  23  2:15  Probe  
  27  2:23  Stargate  
  27  2:27  Probe  
  28  2:30  Probe, Stalker  
  31  2:38  Probe  
  31  2:39  Probe  
  33  2:49  Probe  
  34  2:51  Probe  
  34  2:58  Oracle  
  35  3:01  Probe  
  35  3:03  Probe  
  37  3:12  Adept, Pylon  
  40  3:13  Probe  
  40  3:15  Probe  
  40  3:18  Assimilator  
  44  3:21  Assimilator  
  45  3:27  Probe  
  45  3:28  Oracle  
  45  3:31  Pylon  
  45  3:32  Gateway  
  45  3:37  Probe  
  45  3:39  Probe  
  50  3:44  Shield Battery  
  50  3:49  Probe  
  50  3:52  Probe  
  50  3:55  Cybernetics Core  
  52  3:58  Sentry  
  52  4:01  Probe  
  55  4:04  Pylon  
  59  4:11  Gateway  
Show
View Real Time Build Order
Export as new Build Order

Armani Zerg 

Build Orders: Hatch First 

Get SALT Encoding   

  12  0:01  Drone  
  13  0:13  Overlord  
  13  0:18  Drone  
  14  0:32  Drone  
  14  0:33  Drone  
  16  0:48  Hatchery  
  15  0:52  Drone  
  15  0:55  Drone  
  17  0:58  Drone  
  18  1:09  Extractor  
  17  1:14  Spawning Pool  
  17  1:18  Drone  
  17  1:21  Drone  
  18  1:29  Drone  
  20  1:40  Drone  
  20  1:51  Overlord  
  20  2:00  Queen  
  20  2:01  Queen  
  24  2:02  Zergling x2  
  24  2:03  Zergling x2  
  26  2:10  Metabolic Boost  
  26  2:15  Drone x2  
  28  2:31  Hatchery  
  28  2:34  Zergling x4  
  29  2:38  Zergling x2  
  29  2:42  Zergling x2  
  31  2:46  Zergling x4  
  33  2:55  Zergling x4  
  35  3:04  Overlord  
  34  3:06  Zergling x2  
  35  3:23  Zergling x2  
  35  3:24  Zergling x10  
  40  3:31  Overlord  
  39  3:36  Zergling x2  
  39  3:41  Zergling x2  
  40  3:43  Zergling x6  
  40  3:46  Zergling x10  
  45  3:53  Zergling x2  
  45  3:57  Zergling x4  
Tags
 
Add a new tag
Caveats
  • Supply blocks, unpowered buildings, or Contaminate may cause inaccurate times.
  • Supply counts are checked every 10 seconds.